 Dungeon Crawl Stone Soup version 0.18.1-50-g88ac8fd (webtiles) character file.

5028 PeregrinTook the Archer (level 10, 83/83 HPs)
             Began as a Centaur Hunter on Oct 4, 2016.
             Was an Initiate of Gozag.
             Quit the game on level 9 of the Dungeon on Oct 7, 2016.
             The game lasted 01:23:14 (10349 turns).

PeregrinTook the Archer (Centaur Hunter)           Turns: 10349, Time: 01:23:15

Health: 83/83      AC: 11    Str: 15      XL:     10   Next: 30%
Magic:  10/10      EV: 10    Int: 10      God:    Gozag
Gold:   493        SH:  0    Dex: 12 (13) Spells: 0 memorised, 9 levels left

rFire  . . .     SeeInvis .     b - +5 shortbow
rCold  . . .     Gourm    .     c - +2 leather armour
rNeg   + . .     Faith    .     (shield currently unavailable)
rPois  .         Spirit   .     (helmet restricted)
rElec  .         Dismiss  .     G - +0 cloak
rCorr  .         Reflect  .     (no gloves)
SustAt .         Harm     .     x - +0 centaur barding {Stlth+}
MR     .....                    (no amulet)
Stlth  +.........               n - ring of positive energy
                                j - +6 ring of slaying

@: very quick, not resistant to hostile enchantments, very unstealthy
A: antennae 1, hooves 3, blurry vision 1, deformed body, speed 2, tough skin 3
a: Potion Petition, Call Merchant, Bribe Branch, Renounce Religion


You were on level 9 of the Dungeon.
You worshipped Gozag.
Gozag was noncommittal.
You were not hungry.

You visited 2 branches of the dungeon, and saw 10 of its levels.
You also visited: Ossuary.

You collected 1682 gold pieces.
You spent 973 gold pieces at shops.
You paid 216 gold pieces to Gozag.

Inventory:

Hand Weapons
 b - a +5 shortbow (weapon)
 r - a +2 halberd of venom
 s - a +0 hunting sling
Missiles
 d - 199 arrows
 h - 150 stones
 t - 29 sling bullets
Armour
 a - a +1 helmet
 c - a +2 leather armour (worn)
 x - a +0 centaur barding of stealth (worn)
 G - a +0 cloak (worn)
Jewellery
 f - an uncursed ring of protection from cold
 j - a +6 ring of slaying (left hand)
 n - a ring of positive energy (right hand)
Wands
 g - a wand of flame (7/48)
 o - a wand of random effects (24/48)
 w - a wand of random effects (17/48)
 y - a wand of flame (34/48)
 F - a wand of paralysis (10/24)
Scrolls
 e - a scroll of fog
 i - 2 scrolls of amnesia
 l - a scroll of remove curse
 q - 4 scrolls of identify (quivered)
 u - 2 scrolls of fear
 D - a scroll of recharging
 E - 2 scrolls of blinking
Potions
 v - a potion of curing
 z - 5 potions of flight
 C - 2 potions of agility
Books
 p - a book of Clouds

   Spells                             Type                      Level
   a - Mephitic Cloud                 Conjuration/Poison/Air       3
   b - Conjure Flame                  Conjuration/Fire             3
   c - Poisonous Cloud                Conjuration/Poison/Air       6
   d - Freezing Cloud                 Conjuration/Ice/Air          6
   e - Ring of Flames                 Charms/Fire                  7
Miscellaneous
 A - a stone of tremors
Comestibles
 k - 3 beef jerkies
 m - 3 bread rations
 B - 3 fruits


   Skills:
 + Level 6.1 Fighting
   Level 0.8 Short Blades
 + Level 4.2 Polearms
 - Level 3.1 Slings
 * Level 13.1 Bows
 - Level 0.1 Armour
 + Level 6.6 Dodging
 - Level 0.7 Stealth


You had 9 spell levels left.
You didn't know any spells.

Dungeon Overview and Level Annotations

Branches:
Dungeon (9/15)             Temple (1/1) D:5
   Lair: D:8-11         Orc: D:9-12

Altars:
Ashenzari
Cheibriados
Dithmenos
Elyvilon
Fedhas
Gozag
Kikubaaqudgha
Nemelex Xobeh
Okawaru
Pakellas
Ru
Sif Muna
Trog
Xom
Yredelemnul
Zin
The Shining One

Shops:
D:4 }   D:5 (   D:7 [   D:8 *


Innate Abilities, Weirdness & Mutations

You have hooves in place of feet.
Armour fits poorly on your strangely shaped body.
You cover ground very quickly.
You have extremely tough skin (AC +3).
You have a pair of small antennae on your head.
Scrolls take you a little longer to read.


Message History

Found a stone staircase leading up.
k - 3 beef jerkies (gained 1)
Found a scroll of recharging.
You see here a mace.
Found 11 gold pieces.
There is a stone staircase leading up here.
D - a scroll of recharging You now have 493 gold pieces (gained 11).
Found 21 bolts.
You enter the shallow water.
Moving in this stuff is going to be slow.
Found a slice of pizza.
Unknown command.
Welcome back, PeregrinTook the Centaur Hunter.
Gozag says: Greed is good.
Press ? for a list of commands and other information.
Unknown command.
Quiver which item? (- for none, * to show all) (? for menu, Esc to quit)
Quivering
q - 4 scrolls of identify for throwing.
Are you sure you want to abandon this character and quit the game? (Confirm with "yes".)

....≈≈≈≈.....###.
###≈≈≈≈#.........
##≈≈##......... ###
#......... #......... .
##......... .(. {{{###
#.........# ....≈##+##≈#
#.).....#.#
%....≈.@.≈.###.......#.#
.......#...........<...#
.......#..##.........###
#+#######.##............
#.##...#.....###
#.#..........#
#.######.....# #.#
#.....# #.# #.....#


There were no monsters in sight!

Vanquished Creatures
  Erica (D:8)
  The ghost of Chiseanne the Thaumaturge, a novice CeAE of Gozag (D:8)
  Grinder (D:5)
  Prince Ribbit (D:7)
  Sigmund (D:5)
  A hungry ghost (D:7)
  Duvessa (D:5)
  2 ice beasts (D:6)
  A sky beast (D:5)
  2 orc warriors
  A phantom (D:3)
  2 ogres
  3 centaurs
  4 big kobolds
  3 giant frogs
  Dowan (D:5)
  A scorpion (D:7)
  5 killer bees (D:8)
  4 wights (D:8)
  A howler monkey (D:7)
  2 electric eels (D:9)
  3 jellies
  3 hounds
  4 orc priests
  2 orc wizards
  A centaur skeleton (D:6)
  Jessica (D:3)
  4 worker ants
  A hound zombie (D:5)
  8 mummies (Ossuary)
  A worker ant zombie (D:5)
  11 adders
  10 gnolls
  3 shadow imps
  An ooze (D:1)
  An adder zombie (D:5)
  An adder skeleton (D:4)
  3 worms
  3 dart slugs (D:1)
  3 giant geckos
  20 orcs
  11 bats
  3 giant cockroaches
  26 goblins
  37 hobgoblins
  7 jackals
  14 kobolds
  A ball python zombie (D:5)
  A giant gecko skeleton (D:5)
  A giant newt (D:7)
  3 gnoll zombies (Ossuary)
  4 hobgoblin zombies (Ossuary)
  A jackal skeleton (D:4)
  2 jackal zombies
  A kobold zombie (Ossuary)
  11 rats
246 creatures vanquished.

Notes
Turn   | Place    | Note
--------------------------------------------------------------
     0 | D:1      | PeregrinTook the Centaur Hunter began the quest for the Orb.
     0 | D:1      | Reached XP level 1. HP: 17/17 MP: 1/1
    85 | D:1      | Reached XP level 2. HP: 24/24 MP: 2/2
   262 | D:1      | Reached skill level 6 in Bows
   366 | D:1      | You fall through a shaft!
   389 | D:2      | Reached XP level 3. HP: 28/29 MP: 3/3
   425 | D:2      | Found a faded altar to an unknown god.
   476 | D:2      | HP: 1/29 [adder (3)]
  1025 | D:1      | Reached XP level 4. HP: 36/36 MP: 4/4
  1295 | D:2      | Reached skill level 7 in Bows
  2051 | D:3      | Reached XP level 5. HP: 18/42 MP: 5/5
  2968 | D:3      | Reached skill level 1 in Slings
  2968 | D:3      | Reached XP level 6. HP: 32/50 MP: 6/6
  3169 | D:3      | HP: 2/50 [poisoned by a kobold]
  3177 | D:3      | HP: 2/50 [poisoned by a kobold]
  3182 | D:3      | HP: 1/50 [poisoned by a kobold]
  3595 | D:3      | Reached XP level 7. HP: 40/56 MP: 7/7
  4056 | D:3      | Found a shattered altar of Ashenzari.
  4254 | D:3      | Noticed Jessica
  4255 | D:3      | Killed Jessica
  4359 | D:3      | Found an opulent altar of Gozag.
  4394 | D:3      | Became a worshipper of Gozag Ym Sagoz the Greedy
  4471 | D:4      | Reached skill level 1 in Polearms
  4495 | D:4      | Found a sand-covered staircase.
  4533 | Ossuary  | Entered an ossuary
  4956 | D:4      | Found Uckyecle's Gadget Shoppe.
  5012 | D:4      | Bought a stone of tremors for 480 gold pieces
  5287 | D:5      | Entered Level 5 of the Dungeon
  5297 | D:5      | Noticed Duvessa
  5297 | D:5      | Noticed Dowan
  5303 | D:5      | Killed Duvessa
  5303 | D:5      | Reached skill level 8 in Bows
  5303 | D:5      | Reached XP level 8. HP: 57/63 MP: 8/8
  5311 | D:5      | Killed Dowan
  5406 | D:5      | Noticed Grinder
  5434 | D:5      | Killed Grinder
  5434 | D:5      | Reached skill level 5 in Dodging
  5697 | D:5      | Found Zuaty's Weapon Boutique.
  5767 | D:5      | Bought 26 arrows for 67 gold pieces
  5927 | D:5      | Noticed Sigmund
  5932 | D:5      | Killed Sigmund
  5984 | D:5      | Found a staircase to the Ecumenical Temple.
  5994 | Temple   | Entered the Ecumenical Temple
  6352 | D:5      | Reached skill level 9 in Bows
  6877 | D:6      | Found an iron altar of Okawaru.
  6877 | D:6      | Found a shadowy altar of Dithmenos.
  6877 | D:6      | Found a white marble altar of Elyvilon.
  6878 | D:6      | Found a sparkling altar of Nemelex Xobeh.
  6950 | D:6      | Found an oddly glowing altar of Pakellas.
  6983 | D:6      | Reached XP level 9. HP: 52/72 MP: 9/9
  7741 | D:6      | Reached skill level 5 in Fighting
  8238 | D:7      | Reached skill level 10 in Bows
  8405 | D:7      | Found Velel's Antique Armour Emporium.
  8413 | D:7      | Bought a cloak for 126 gold pieces
  8455 | D:7      | Gained mutation: Scrolls take you a little longer to read. [potion of mutation]
  8455 | D:7      | Gained mutation: You have a pair of small antennae on your head. [potion of mutation]
  8968 | D:7      | Noticed Prince Ribbit
  9002 | D:7      | Killed Prince Ribbit
  9002 | D:7      | Reached skill level 11 in Bows
  9341 | D:8      | Noticed Chiseanne's ghost (novice CeAE)
  9363 | D:8      | Killed Chiseanne's ghost
  9363 | D:8      | Reached skill level 12 in Bows
  9660 | D:8      | Noticed Erica
  9671 | D:8      | Killed Erica
  9671 | D:8      | Reached XP level 10. HP: 83/83 MP: 10/10
 10059 | D:8      | Found Bizumyhi's General Store.
 10066 | D:8      | Bought a +0 centaur barding of stealth for 300 gold pieces
 10222 | D:8      | Reached skill level 13 in Bows
 10349 | D:9      | Quit the game

Skill      XL: |  1  2  3  4  5  6  7  8  9 10 |
---------------+-------------------------------+-----
Bows           | 6 7 8 9 12 13 | 13.1
Dodging        | 2 3 4 5 6 |  6.6
Slings         | 1 3 |  3.1
Fighting       | 3 4 5 6 |  6.1
Polearms       | 1 3 4 |  4.2
Short Blades   | |  0.8
Armour         | |  0.1
Stealth        | |  0.7

Action                   |  1- 3 |  4- 6 |  7- 9 | 10-12 || total
-------------------------+-------+-------+-------+-------++-------
Melee: Short sword       |    49 |    41 |       |       ||    90
       Kick              |    12 |    10 |    43 |     4 ||    69
       Spear             |       |    17 |       |       ||    17
       Dagger            |       |     7 |       |       ||     7
       Shortbow          |       |     1 |       |     1 ||     2
       Halberd           |       |       |   180 |    11 ||   191
       Long sword        |       |       |     5 |       ||     5
 Fire: Shortbow          |    37 |    31 |   101 |    52 ||   221
       Hunting sling     |       |   154 |     1 |       ||   155
       Blowgun           |       |       |     1 |       ||     1
Throw: Stone             |       |     2 |       |       ||     2
Invok: Potion Petition   |       |       |     1 |     1 ||     2
  Use: Potion            |     3 |     2 |    15 |     1 ||    21
       Scroll            |       |     6 |    10 |     2 ||    18
 Stab: Distracted        |       |       |     2 |       ||     2
  Eat: Bread ration      |       |     1 |     1 |     1 ||     3
       Chunk             |       |     1 |       |       ||     1
       Meat ration       |       |     1 |     1 |       ||     2
       Fruit             |       |       |     3 |     1 ||     4
       Pizza             |       |       |     1 |       ||     1
Armor: Leather armour    |    21 |    50 |    50 |    14 ||   135
Dodge: Dodged            |    31 |    87 |   127 |    12 ||   257
